 Dungeon Crawl Stone Soup version 0.32-a0-7-ge934b4519a (webtiles) character file.

Game seed: 17293746982962830249

134 timneilson the Ruffian (level 5, -3/34 HPs)
             Began as an Octopode Shapeshifter on Jan 13, 2024.
             Killed from afar by an orc wizard (8 damage)
             ... with a puff of flame
             ... on level 4 of the Dungeon.
             The game lasted 00:07:03 (2514 turns).

timneilson the Ruffian (Octopode Shapeshifter)      Turns: 2514, Time: 00:07:03

Health: -3/34      AC:  1    Str: 15    XL:     5   Next: 17%
Magic:  5/5        EV: 13    Int: 13    God:
Gold:   147        SH:  0    Dex: 11    Spells: 4/4 levels left

rFire   . .          .
                       - Unarmed
rCold   + . .        (no shield)
rNeg    . . .        (helmet currently unavailable)
rPois   .            (no amulet)
rElec   .            k - ring of protection from cold
rCorr   .            (no ring)
SInv    .            (no ring)
Will    .....        (no ring)
Stlth   +++          (no ring)
HPRegen 0.25/turn    (no ring)
MPRegen 0.09/turn    (no ring)
                     (no ring)

%: no passive effects
@: beast-form
A: beast (slay +2), almost no armour, amphibious, 8 rings, camouflage 1,
gelatinous body 1, (nimble swimmer 1), tentacles
a: Begin Untransformation


You were on level 4 of the Dungeon.
You were a hulking beast.
You visited 1 branch of the dungeon, and saw 4 of its levels.

You collected 147 gold pieces.

Inventory:

Missiles
 j - 2 throwing nets (quivered)
Jewellery
 h - a ring of ice
 k - a ring of protection from cold (left tentacle)
Talismans
 b - a beast talisman
 c - a flux talisman
Potions
 a - 2 potions of lignification
 d - a potion of attraction
 f - a potion of haste
 g - 2 potions of brilliance
 i - a potion of curing
 l - a potion of berserk rage {unknown}


   Skills:
 * Level 2.2 Fighting
 * Level 2.9 Dodging
 + Level 2.0 Stealth
 * Level 3.8 Unarmed Combat
 * Level 3.5 Shapeshifting


You had 4 spell levels left.
You didn't know any spells.
Your spell library was empty.

Dungeon Overview and Level Annotations

Branches:
Dungeon (4/15)
 Temple: D:4-7

Altars:
Fedhas
Sif Muna

Annotations:
D:4 1 runed translucent door, Crazy Yiuf


Innate Abilities, Weirdness & Mutations

You are a hulking beast.
Your limbs bulge with bestial killing power. (Slay +2)
You cannot wear most types of armour.
You are amphibious.
You can wear up to eight rings at the same time.
Your skin changes colour to match your surroundings (Stealth+).
Your rubbery body absorbs attacks. (AC +1, EV +1)
((You are camouflaged when in or above water. (Stealth+)))
You have tentacles for arms and can constrict up to eight enemies at once.


Message History

You constrict the orc priest, but do no damage.
The orc priest hits you with a +0 whip.
You tentacle-slap the orc priest.
The orc priest is moderately wounded.
You constrict the orc priest, but do no damage.
The orc wizard casts a spell.
The orc wizard flickers and vanishes!
Deactivating autopickup; reactivate with Ctrl-A.
You tentacle-slap the orc priest.
The orc priest is heavily wounded.
You constrict the orc priest. The orc priest closely misses you.
You tentacle-slap the orc priest but do no damage.
The orc priest is severely wounded.
You constrict the orc priest. Something hits you.
The orc priest mumbles some strange prayers to Beogh against you.
You barely resist. You tentacle-slap the orc priest.
The orc priest is almost dead.
You constrict the orc priest.
You kill the orc priest!
Something hits you.
Your Stealth skill increases to level 2!
You have reached level 5!
You feel clever.
You feel better. Something hits you. Something hits you.
Things that are here:
a +0 whip; a +0 ring mail; an orc corpse You closely miss something.
Your squeeze misses something. Something barely misses you.
You tentacle-slap something.
You hear some strange, mumbled words.
A magic dart appears from out of thin air!
The magic dart hits you!
* * * LOW HITPOINT WARNING * * *
You barely miss something.
You hear some strange, mumbled words.
A puff of flame appears from out of thin air!
The puff of flame hits you!
You die...

#.###########
#<# ##### #.#
#.... #.# #.###
#.# #.# #.# #.#
# #.# #.#
#..##.#######.#
#.#
.....oo{h.....#
#.#
..###.#########
#.# # #.# #.#
#.# ######.#
#####......#
###...'.######
#:#...###


You could see 2 orcs.

Vanquished Creatures
  An orc priest (D:4)
  Robin (D:3)
  2 adders (D:2)
  3 ribbon worms
  2 dart slugs
  An orc (D:4)
  8 ball pythons
  4 endoplasms
  3 giant cockroaches
  11 goblins
  9 hobgoblins
  2 quokkas (D:2)
  2 bats
  4 frilled lizards
  7 kobolds
  A rat (D:2)
61 creatures vanquished.

Notes
Turn   | Place    | Note
-------+----------+-------------------------------------------
     0 | D:1      | timneilson the Octopode Shapeshifter began the quest for
                  | the Orb.
     0 | D:1      | Reached XP level 1. HP: 13/13 MP: 1/1
   175 | D:1      | You fall into a shaft and drop 1 floor!
   225 | D:1      | Reached XP level 2. HP: 18/18 MP: 2/2
   480 | D:1      | Reached skill level 1 in Stealth
   834 | D:2      | Reached XP level 3. HP: 23/23 MP: 3/3
  1404 | D:2      | Reached XP level 4. HP: 29/29 MP: 4/4
  1791 | D:3      | Identified the +0 helmet "Meul" {Regen+ Dex+3}
  1791 | D:3      | Noticed Robin
  1829 | D:3      | Killed Robin
  2068 | D:3      | Found a blossoming altar of Fedhas.
  2262 | D:4      | Identified the +9 hammer "Nueh" {flame, rPois Str+3 Int+4
                  | Dex-4}
  2263 | D:4      | Found a runed translucent door.
  2263 | D:4      | Identified the +2 hammer of Spring {flame, Will+ Str+3}
  2266 | D:4      | Noticed Crazy Yiuf
  2374 | D:4      | Found a shimmering blue altar of Sif Muna.
  2445 | D:4      | Noticed a lemure
  2510 | D:4      | Reached XP level 5. HP: 14/34 MP: 5/5
  2514 | D:4      | Killed from afar by an orc wizard

Illustrated notes

Levels and vault maps discovered:
D:1:      amcnicky_arrival_feature_with_door, layout_basic,
          chequers_serial_rivers_small_b
D:2:      layout_basic
D:3:      layout_rooms, mainiacjoe_overflow_chevrons, minivault_23, uniq_robin
D:4:      layout_loops_ring, lemuel_round_altar,
          nicolae_sif_muna_little_library, temple_doors_e,
          minmay_misc_feat_square, uniq_pikel, uniq_crazy_yiuf_cottage

Skill      XL: |  1  2  3  4 |
---------------+-------------+-----
Stealth        | 1 2 |  2.0
Fighting       | 2 |  2.2
Dodging        | |  2.9
Unarmed Combat | |  3.8
Shapeshifting  | |  3.5

Action                     |  1- 3 |  4- 6 || total
---------------------------+-------+-------++-------
  Melee: Unarmed           |    51 |    63 ||   114
         Constrict         |    13 |    17 ||    30
         Punch             |     4 |     4 ||     8
         Tentacles         |     9 |    12 ||    21
    Use: Scroll            |     2 |     8 ||    10
         Potion            |       |     1 ||     1
   Stab: Sleeping          |     9 |     7 ||    16
 Armour: Skin              |    15 |    28 ||    43
  Dodge: Dodged            |    16 |    40 ||    56

Table legend: (Time is in decaauts)
 A = Elapsed time spent in this place.
 B = Non-inter-level travel time spent in this place.
 C = Inter-level travel time spent in this place.
 D = Time resting spent in this place.
 E = Time spent auto-exploring this place.
 F = Levels seen in this place.
 G = Mean time per level.
                   A        B        C        D        E       F      G
               +--------+--------+--------+--------+--------+-----+--------+
         Total |   2509 |   2439 |     70 |     90 |   1790 |   4 |  627.2 |
       Dungeon |   2509 |   2439 |     70 |     90 |   1790 |   4 |  627.2 |
               +--------+--------+--------+--------+--------+-----+--------+

Top non-repeatable levels by time:
     D:2: 989 daAuts
     D:1: 809 daAuts
     D:3: 429 daAuts
     D:4: 281 daAuts
